 Dungeon Crawl Stone Soup version 0.30-a0-629-gd54f4be4f7 (webtiles) character file.

Game seed: 18344946009852819194

1422 Mitcholas the Skirmisher (level 8, 0/48 HPs)
             Began as a Deep Elf Hunter on Jan 13, 2023.
             Was an Initiate of Okawaru.
             Succumbed to an orc wizard's poison
             ... on level 5 of the Dungeon.
             The game lasted 00:11:37 (4703 turns).

Mitcholas the Skirmisher (Deep Elf Hunter)          Turns: 4703, Time: 00:11:37

Health: 0/48       AC:  4    Str:  8    XL:     8   Next: 44%
Magic:  10/10      EV: 20    Int: 15    God:    Okawaru [......]
Gold:   203        SH:  5    Dex: 20    Spells: 7/7 levels left

rFire   . . .      SeeInvis .    a - +0 shortbow
rCold   + . .      Faith    .    (shield currently unavailable)
rNeg    . . .      Spirit   .    c - +0 leather armour
rPois   .          Reflect  +    r - +0 helmet
rElec   .          Harm     .    (no cloak)
rCorr   .          Rampage  .    (no gloves)
Will    .....                    (no boots)
Stlth   +++                      h - amulet of reflection
HPRegen 0.28/turn                p - +5 ring of evasion
MPRegen 0.12/turn                C - ring of protection from cold

@: lethally poisoned (0 -> -10), flying
A: no striking features
a: Renounce Religion


You were on level 5 of the Dungeon.
You worshipped Okawaru.
Okawaru was noncommittal.
You visited 2 branches of the dungeon, and saw 7 of its levels.

You collected 203 gold pieces.

Inventory:

Hand Weapons
 a - a +0 shortbow (weapon)
 A - a +0 arbalest
Missiles
 v - 5 curare-tipped darts
Armour
 c - a +0 leather armour (worn)
 r - a +0 helmet (worn)
Jewellery
 h - an amulet of reflection (around neck)
 j - an amulet of magic regeneration
 p - a +5 ring of evasion (left hand)
 C - a ring of protection from cold (right hand)
 E - a ring of magical power
Wands
 w - a wand of polymorph (13)
Scrolls
 b - 3 scrolls of immolation
 d - a scroll of torment {unknown}
 e - 2 scrolls of teleportation {unknown}
 k - a scroll of fear {unknown}
 l - 2 scrolls of enchant armour {unknown}
 n - a scroll of blinking {unknown}
 q - a scroll of vulnerability {unknown}
 s - 2 scrolls of silence {unknown}
 u - a scroll of poison {unknown}
 y - a scroll of amnesia {unknown}
Potions
 f - a potion of invisibility
 g - a potion of might {unknown}
 i - 2 potions of resistance
 m - a potion of cancellation {unknown}
 o - a potion of curing {unknown}
 t - 2 potions of degeneration
 z - a potion of attraction
 B - a potion of mutation
 D - a potion of brilliance {unknown}


   Skills:
 + Level 4.4 Fighting
 * Level 10.6 Ranged Weapons
 + Level 6.4 Dodging
 - Level 4.0 Stealth


You had 7 spell levels left.
You didn't know any spells.
Your spell library contained the following spells:

 Spells                   Type           Power      Damage    Failure   Level
 Necrotise                Necr           0%         1d4       36%         1
 Vampiric Draining        Necr           0%         2d6       75%         3
 Agony                    Necr           0%         N/A       100%        5


Dungeon Overview and Level Annotations

Branches:
Dungeon (6/15)             Temple (1/1) D:5

Altars:
Ashenzari
Dithmenos
Elyvilon
Fedhas
Hepliaklqana
Kikubaaqudgha
Makhleb
Nemelex Xobeh
Okawaru
Qazlal
Ru
Sif Muna
Uskayaw
Vehumet
Yredelemnul
Zin

Annotations:
D:4 3 runed translucent doors, bmack86's ghost, amateur MiFi


Message History

The orc throws a boomerang.
The boomerang hits you but does no damage.
You shoot an arrow. The arrow hits the orc!
You kill the orc!
Okawaru accepts your kill.
You feel sick. Something hits you.
You shoot an arrow. The arrow hits the black bear!
The black bear is moderately wounded.
You feel sick. Something hits you but does no damage.
You are more poisoned.
You shoot an arrow.
The arrow closely misses the black bear.
You feel very sick. You block something's attack.
You shoot an arrow.
The arrow hits the black bear but does no damage.
The black bear is moderately wounded.
You feel very sick. You block the black bear's attack.
The black bear closely misses you. The black bear claws you.
Something hits you but does no damage.
You are more poisoned.
You feel very sick. The black bear barely misses you.
You block the black bear's attack. The black bear closely misses you.
Something hits you but does no damage.
You climb upwards.
Reactivating autopickup.
You feel very sick.
There is a stone staircase leading down here.
You feel sick. Something hits you.
* * * LOW HITPOINT WARNING * * *
You are lethally poisoned!
Deactivating autopickup; reactivate with Ctrl-A.
* * * LOW HITPOINT WARNING * * *
You feel very sick.
* * * LOW HITPOINT WARNING * * *
You feel very sick.
It was a potion of flight.
You feel very buoyant.
You fly up into the air.
You die...

#.#.##...'#.#'...##.##.#####..[..
#.#.#.8...#.#...8.#.##.# #.####
....#.._..#.#.._..#.##.# #.#
....#.8.8.#.#.8.8.#.##.# #.#
....##...##.##...##.##.#####.##
.....#####...#########........###
..............##.[...#######.....
..........###.######.#.....[..###
..........# #...@h.#..........#
..........###..###{#.##.#.#...#
.................>....#)#.#...#
..........####.....####)###...###
...................# #.# #......
.............#....#####.# #######
.............#........#.#########
.............#.#..#.###..........
....................# #.......###


You could see a black bear.

Vanquished Creatures
  3 ice beasts
  An ogre (D:5)
  A phantom (D:5)
  A lemure (D:4)
  5 scorpions
  A jelly (D:5)
  2 orc priests
  2 hounds
  3 orc wizards
  Robin (D:2)
  15 gnolls
  8 adders
  2 ufetubi (D:4)
  A worm (D:3)
  The ghost of drugrobin the Sneak, a weakling DgDe (D:5)
  5 dart slugs
  12 orcs
  6 ball pythons
  4 bats
  9 endoplasms
  6 giant cockroaches
  15 hobgoblins
  2 jackals (D:2)
  4 quokkas
  2 frilled lizards
  17 goblins
  8 kobolds
  5 rats
142 creatures vanquished.

Vanquished Creatures (others)
  A fungus (D:2)
  2 plants (D:2)
3 creatures vanquished.

Grand Total: 145 creatures vanquished

Notes
Turn   | Place    | Note
-------+----------+-------------------------------------------
     0 | D:1      | Mitcholas the Deep Elf Hunter began the quest for the Orb.
     0 | D:1      | Reached XP level 1. HP: 12/12 MP: 3/3
    75 | D:1      | Reached XP level 2. HP: 17/17 MP: 4/4
   622 | D:2      | Noticed Robin
   626 | D:2      | Reached XP level 3. HP: 11/21 MP: 5/5
   775 | D:2      | Reached skill level 6 in Ranged Weapons
   980 | D:2      | Found a faded altar of an unknown god.
  1310 | D:2      | Killed Robin
  1311 | D:2      | Reached XP level 4. HP: 26/26 MP: 6/6
  1727 | D:3      | Reached XP level 5. HP: 17/31 MP: 7/7
  1940 | D:3      | Reached skill level 7 in Ranged Weapons
  1976 | D:3      | Found a burning altar of Makhleb.
  1976 | D:3      | Noticed a blizzard demon
  2225 | D:4      | Reached XP level 6. HP: 33/36 MP: 8/8
  2797 | D:4      | Found a runed translucent gate.
  2797 | D:4      | Identified the +1 plate armour of Courage {Contam rPois rF+
                  | Stlth+}
  2797 | D:4      | Noticed an orc warrior
  2797 | D:4      | Noticed bmack86's ghost (amateur MiFi)
  2798 | D:4      | Found a runed translucent gate.
  2799 | D:4      | Found a runed translucent gate.
  2801 | D:4      | Identified the +4 spear of the Boiling Point {drain, Int+4}
  2801 | D:4      | Identified the +3 scale mail of Courage {Harm Str+2}
  2816 | D:4      | Noticed Grinder
  2817 | D:4      | Grinder changed into Grinder the lemure
  2817 | D:4      | Noticed Grinder
  2839 | D:4      | Killed Grinder the lemure
  2840 | D:4      | Reached skill level 8 in Ranged Weapons
  2983 | D:4      | Noticed an ice beast
  2989 | D:4      | Killed an ice beast
  2990 | D:4      | Reached XP level 7. HP: 41/41 MP: 9/9
  3204 | D:4      | Reached skill level 5 in Dodging
  3434 | D:5      | Entered Level 5 of the Dungeon
  3438 | D:5      | Found a runed translucent door.
  3438 | D:5      | Noticed drugrobin's ghost (weakling DgDe)
  3523 | D:5      | Reached skill level 9 in Ranged Weapons
  3792 | D:5      | Reached XP level 8. HP: 47/48 MP: 10/10
  3846 | D:5      | Found a blossoming altar of Fedhas.
  3846 | D:5      | Found a stormy altar of Qazlal.
  3846 | D:5      | Found an iron altar of Okawaru.
  3852 | D:5      | Became a worshipper of Warmaster Okawaru
  3858 | D:5      | Found a shimmering blue altar of Sif Muna.
  3979 | D:5      | Reached skill level 10 in Ranged Weapons
  4189 | D:5      | Found a staircase to the Ecumenical Temple.
  4195 | Temple   | Entered the Ecumenical Temple
  4602 | D:5      | Killed drugrobin's ghost
  4703 | D:5      | Succumbed to an orc wizard's poison

Illustrated notes

Levels and vault maps discovered:
D:1:      beargit_arrival_greenhouse, layout_loops_ring
D:2:      layout_loops_ring, dreamdust_ecumenical_altar_grove, uniq_robin
D:3:      layout_rooms, makhleb_altar_promises_db
D:4:      layout_basic, biasface_ghost_orc_armoury, uniq_grinder
D:5:      layout_basic, grunt_temple_overflow_cloverleaf, temple_green,
          gammafunk_ghost_grave, sigmund_army
D:6:      layout_cave_pools, nicolae_ossuary_entry_catacombs
Temple:   hellmonk_temple_of_storms

Skill      XL: |  1  2  3  4  5  6  7  8 |
---------------+-------------------------+-----
Stealth        | 2 3 4 |  4.0
Fighting       | 2 3 4 |  4.4
Ranged Weapons | 6 7 8 9 10 | 10.6
Dodging        | 3 4 5 6 |  6.4

Action                   |  1- 3 |  4- 6 |  7- 9 || total
-------------------------+-------+-------+-------++-------
 Fire: Shortbow          |   106 |   190 |   192 ||   488
Evoke: Wand              |       |     4 |     5 ||     9
  Use: Scroll            |       |       |     5 ||     5
       Potion            |       |       |     2 ||     2
Armor: Leather armour    |    12 |    16 |    13 ||    41
Dodge: Dodged            |    35 |    84 |    89 ||   208
Block: Other             |       |    23 |    32 ||    55
       Reflection        |       |     2 |       ||     2

Table legend: (Time is in decaauts)
 A = Elapsed time spent in this place.
 B = Non-inter-level travel time spent in this place.
 C = Inter-level travel time spent in this place.
 D = Time resting spent in this place.
 E = Time spent auto-exploring this place.
 F = Levels seen in this place.
 G = Mean time per level.
                   A        B        C        D        E       F      G
               +--------+--------+--------+--------+--------+-----+--------+
         Total |   4784 |   4547 |    237 |    824 |   2744 |   7 |  683.4 |
       Dungeon |   4743 |   4512 |    231 |    824 |   2720 |   6 |  790.5 |
        Temple |     40 |     34 |      6 |      0 |     24 |   1 |   40.0 |
               +--------+--------+--------+--------+--------+-----+--------+

Top non-repeatable levels by time:
     D:4: 1238 daAuts
     D:5: 1205 daAuts
     D:2: 865 daAuts
     D:3: 740 daAuts
     D:1: 661 daAuts
  Temple: 40 daAuts
     D:6: 32 daAuts
